 Dungeon Crawl Stone Soup version 0.26.0-41-g79a4fc7684 (webtiles) character file.

Game seed: 11751769080918281332

98 thiole the Sneak (level 4, 0/27 HPs)
             Began as an Octopode Hedge Wizard on Jan 27, 2021.
             Killed from afar by Natasha (10 damage)
             ... with a magic dart
             ... on level 3 of the Dungeon.
             The game lasted 00:02:46 (2805 turns).

thiole the Sneak (Octopode Hedge Wizard)            Turns: 2805, Time: 00:02:47

Health: 0/27       AC:  1    Str:  9    XL:     4   Next: 71%
Magic:  2/9        EV: 13    Int: 17    God:
Gold:   158        SH:  0    Dex: 11    Spells: 9/10 levels left

rFire    . . .     SeeInvis .   h - +3 whip (elec)
rCold    . . .     Faith    .   (no shield)
rNeg     . . .     Spirit   .   b - +0 hat
rPois    .         Reflect  .   (no amulet)
rElec    .         Harm     .   (no ring)
rCorr    .         Rampage  .   (no ring)
Will     .....                  (no ring)
Stlth    +++.......             (no ring)
HPRegen  0.09/turn              (no ring)
MPRegen  0.11/turn              (no ring)
                                (no ring)
                                (no ring)

@: no status effects
A: almost no armour, stealthy swim, amphibious, 8 rings, constrict 8, camouflage
1, gelatinous body 1
a: no special abilities


You were on level 3 of the Dungeon.
You visited 1 branch of the dungeon, and saw 3 of its levels.

You collected 158 gold pieces.

Inventory:

Hand Weapons
 a - a +0 dagger
 h - a +3 whip of electrocution (weapon)
 m - a +2 mace of holy wrath
Missiles
 i - 81 stones
Armour
 b - a +0 hat (worn)
Wands
 k - a wand of flame (19)
Scrolls
 d - 6 scrolls of identify {unknown}
 e - 6 scrolls of teleportation {unknown}
 f - 2 scrolls of immolation {unknown}
 g - 2 scrolls of enchant armour {unknown}
 j - a scroll of remove curse {unknown}
 l - a scroll of amnesia {unknown}
 n - a scroll of enchant weapon {unknown}
Potions
 c - a potion of curing


   Skills:
 - Level 2.0 Dodging
 + Level 4.3 Stealth
 + Level 3.7 Spellcasting
 - Level 2.0 Conjurations
 - Level 2.0 Summonings
 - Level 1.0 Translocations


You had 9 spell levels left.
You knew the following spells:

 Your Spells              Type           Power        Failure   Level
a - Magic Dart            Conj           36%          7%          1

Your spell library contained the following spells:

 Spells                   Type           Power        Failure   Level
 Call Imp                 Summ           9%           11%         2
 Blink                    Tloc           N/A          16%         2
 Slow                     Hex            3%           24%         2
 Conjure Flame            Conj/Fire      6%           32%         3
 Mephitic Cloud           Conj/Pois/Air  5%           36%         3


Dungeon Overview and Level Annotations

Branches:
Dungeon (3/15)

Altars:
Dithmenos
Hepliaklqana
The Shining One

Annotations:
D:3 Natasha


Innate Abilities, Weirdness & Mutations

You cannot wear most types of armour.
You are very stealthy in the water. (Stealth+)
You are amphibious.
You can wear up to eight rings at the same time.
You can use your tentacles to constrict eight enemies at once.
Your skin changes colour to match your surroundings (Stealth+).
Your rubbery body absorbs attacks. (AC +1, EV +1)


Message History

You constrict the orc, but do no damage.
The orc misses you.
Natasha hisses angrily.
You hit the orc but do no damage. Lightning courses through the orc!!
You kill the orc!
Natasha stares at you and mumbles some strange words.
The magic dart hits you! Natasha claws you.
You barely miss Natasha. Your grab misses Natasha. Your squeeze misses Natasha.
Natasha claws you.
You hit Natasha. You grab Natasha.
Natasha is moderately wounded.
You constrict Natasha, but do no damage.
Natasha closely misses you.
You hit Natasha.
Natasha is heavily wounded.
You constrict Natasha. Natasha casts a spell at you. The magic dart hits you!
You die...

>............................##
...###.####.....####.#..#.##..#
.......# #.....'.......#.###.##
....##.# #.....###.###.#.# #..#
.....#.# #.......#.......# ##.##
..####.# #.......#...##### #....
.....).## #.......#.#.# #....
.#......######..h.#.#.#######....
.'......'.......@................
##......#########.#.####.#####..#
######## #.#)...)...# ##..
####.#.....)..# #..
#....[..........# ##)
.................# #.
.....[...#####<### #. ...#######
### ## ## #####


You could see Natasha.

Vanquished Creatures
  Natasha (D:3)
  An adder (D:2)
  3 worms
  A dart slug (D:1)
  A leopard gecko (D:2)
  2 orcs (D:3)
  6 bats
  3 giant cockroaches
  7 goblins
  5 hobgoblins
  A quokka (D:3)
  3 frilled lizards
  9 kobolds
  9 rats
52 creatures vanquished.

Notes
Turn   | Place    | Note
-------+----------+-------------------------------------------
     0 | D:1      | thiole the Octopode Hedge Wizard began the quest for the
                  | Orb.
     0 | D:1      | Reached XP level 1. HP: 11/11 MP: 4/4
   236 | D:1      | Reached skill level 3 in Stealth
   236 | D:1      | Reached XP level 2. HP: 12/17 MP: 1/6
  1011 | D:2      | Reached XP level 3. HP: 21/21 MP: 0/7
  1272 | D:2      | Found a hazy altar of Hepliaklqana.
  1272 | D:2      | Found a glowing golden altar of the Shining One.
  1273 | D:2      | Found a shadowy altar of Dithmenos.
  2058 | D:3      | Reached XP level 4. HP: 16/27 MP: 3/9
  2272 | D:3      | Noticed Natasha
  2289 | D:3      | Killed Natasha
  2290 | D:3      | Reached skill level 4 in Stealth
  2615 | D:3      | Noticed an ogre
  2797 | D:3      | Noticed Natasha
  2805 | D:3      | Killed from afar by Natasha

Illustrated notes

Levels and vault maps discovered:
D:1:      wander_arrival_desolate, layout_loops_ring
D:2:      layout_basic, gammafunk_temple_overflow_claw
D:3:      layout_basic, uniq_natasha

Skill      XL: |  1  2  3  4 |
---------------+-------------+-----
Stealth        | 3 4 |  4.3
Summonings     | 2 |  2.0
Conjurations   | 2 |  2.0
Dodging        | |  2.0
Spellcasting   | |  3.7
Translocations | |  1.0

Action                   |  1- 3 |  4- 6 || total
-------------------------+-------+-------++-------
Melee: Tentacles         |     9 |     2 ||    11
       Dagger            |     3 |       ||     3
       Constrict         |     9 |     4 ||    13
       Whip              |    18 |    17 ||    35
 Cast: Magic Dart        |    77 |    33 ||   110
  Use: Potion            |     1 |       ||     1
Armor: Skin              |     2 |       ||     2
Dodge: Dodged            |     9 |    13 ||    22
